 Dungeon Crawl Stone Soup version 0.31.0-10-gcf4a605ca0 (webtiles) character file.

Game seed: 11359188169503048171

1247 Gadfly the Insei (level 8, -8/60 HPs)
             Began as a Merfolk Shapeshifter on Jan 26, 2024.
             Was an Initiate of Ru.
             Engulfed by a steam dragon's steam (13 damage)
             ... on level 6 of the Dungeon.
             The game lasted 00:08:19 (5798 turns).

Gadfly the Insei (Merfolk Shapeshifter)             Turns: 5798, Time: 00:08:19

Health: -8/60      AC:  3    Str: 20    XL:     8   Next: 50%
Magic:  8/8        EV: 17    Int: 10    God:    Ru [......]
Gold:   1454       SH:  0    Dex: 24    Spells: 6/7 levels left

rFire   . . .        b - +10 mace of Infection {freeze, rC+ Dex+3}
rCold   + . .        (no shield)
rNeg    . . .        a - +1 animal skin
rPois   .            f - melded +0 helmet
rElec   .            j - melded +0 cloak
rCorr   .            (gloves currently unavailable)
SInv    .            (boots currently unavailable)
Will    .....        (no amulet)
Stlth   ++           i - +6 ring of dexterity
HPRegen 0.30/turn    k - +6 ring of strength
MPRegen 0.11/turn

%: no passive effects
@: beast-form
A: beast (slay +3), (nimble swimmer 2), mertail
a: Begin Untransformation, Renounce Religion


You were on level 6 of the Dungeon.
You worshipped Ru.
Ru was noncommittal.
You were a hulking beast.
You visited 2 branches of the dungeon, and saw 7 of its levels.

You collected 1454 gold pieces.

Inventory:

Hand Weapons
 b - the +10 mace of Infection (weapon) {freeze, rC+ Dex+3}
   (You found it on level 2 of the Dungeon)

   Dex+3:     It affects your dexterity (+3).
   rC+:       It protects you from cold.
 t - a +1 dagger of venom
Missiles
 v - a throwing net (quivered)
Armour
 a - a +1 animal skin (worn)
 e - an orb of wrath
 f - a +0 helmet (melded)
 j - a +0 cloak (melded)
Jewellery
 i - a +6 ring of dexterity (left hand)
 k - a +6 ring of strength (right hand)
 l - the ring "Tutep" {rF+++ rCorr EV+5 Int-4 Slay-4}
   (You found it on level 2 of the Dungeon)

   [ring of evasion]

   EV+5:      It affects your evasion (+5).
   Int-4:     It affects your intelligence (-4).
   Slay-4:    It affects your accuracy & damage with ranged weapons and melee
   (-4).
   rF+++:     It renders you almost immune to fire.
   rCorr:     It protects you from acid and corrosion.
 s - a ring of protection from fire
 w - a +6 ring of dexterity
Talismans
 c - a beast talisman (active)
 d - a flux talisman
 B - a blade talisman
Wands
 u - a wand of paralysis (3)
 x - a wand of iceblast (6)
Scrolls
 o - 2 scrolls of enchant armour
 q - a scroll of teleportation
 r - a scroll of silence
 y - a scroll of poison
Potions
 g - a potion of cancellation
 h - a potion of heal wounds
 m - a potion of enlightenment
 n - 2 potions of lignification
 p - 2 potions of curing
 D - a potion of might {unknown}


   Skills:
 * Level 4.2 Fighting
 + Level 6.0 Dodging
 * Level 6.5 Unarmed Combat
 * Level 4.9 Evocations
 * Level 6.0 Shapeshifting


You had 6 spell levels left.
You knew the following spells:

 Your Spells              Type           Power      Damage    Failure   Level
a - Apportation           Tloc           0%         N/A       36%         1

Your spell library contained the following spells:

 Spells                   Type           Power      Damage    Failure   Level
 Blink                    Tloc           0%         N/A       50%         2
 Jinxbite                 Hex            0%         N/A       50%         2
 Lesser Beckoning         Tloc           0%         N/A       50%         2
 Momentum Strike          Conj/Tloc      0%         3d8       50%         2
 Gell's Gravitas          Tloc           0%         N/A       75%         3
 Teleport Other           Tloc           0%         N/A       75%         3
 Alistair's Intoxication  Alch           0%         N/A       100%        5
 Dispersal                Tloc           0%         N/A       100%        6


Dungeon Overview and Level Annotations

Branches:
Dungeon (6/15)             Temple (1/1) D:5

Altars:
Ashenzari
Cheibriados
Fedhas
Gozag
Makhleb
Nemelex Xobeh
Okawaru
Qazlal
Ru
Trog
Wu Jian
Xom
Yredelemnul
Zin
The Shining One


Innate Abilities, Weirdness & Mutations

You are a hulking beast.
Your limbs bulge with bestial killing power. (Slay +3)
((You are very nimble when in or above water. (Stealth+, EV+, Speed+++)))
Your lower body shifts to a powerful aquatic tail in water.


Message History

No target in view!
No target in view!
x - a wand of iceblast (6)
y - a scroll of poison
Found a stone staircase leading up.
You now have 1454 gold pieces (gained 15).
Found a rapier.
There is a stone staircase leading up here.
You climb upwards.
There is a stone staircase leading down here.
Done exploring.
Done exploring.
Done exploring.
You climb downwards.
There is a stone staircase leading up here.
A steam dragon comes into view.
A steam dragon is nearby!
The steam dragon barely misses you. The steam dragon closely misses you.
You sock the steam dragon! You freeze the steam dragon.
The steam dragon is heavily wounded.
The steam dragon breathes steam at you. The ball of steam hits you!
The steam dragon barely misses you. The steam dragon misses you.
You hear a shout!
You barely miss the steam dragon.
The steam dragon is heavily wounded.
You are engulfed in a cloud of scalding steam.
The steam dragon breathes steam at you. The ball of steam hits you!!
* * * LOW HITPOINT WARNING * * *
You are too injured to fight recklessly!
You are too injured to fight recklessly!
You are too injured to fight recklessly!
You are too injured to fight recklessly!
You are too injured to fight recklessly!
You are too injured to fight recklessly!
You barely miss the steam dragon.
The steam dragon is heavily wounded.
You are engulfed in a cloud of scalding steam.
You die...

### ###### ###..
###.#...#.#####...#
##
##.#.#....##.##.#.##
...##..D....#
#.....##
.......h...#
##.....#
......§§§..#
#..#..##
.......§§..#
##.####..
......§.§§## ##.#
#..# ......§.§.#
#..# #.. ..........#
##..# #.
..........####..##
#. #...............#
# ##..............##
#


You could see a steam dragon (catching breath).

Vanquished Creatures
  Sigmund (D:4)
  Edmund (D:4)
  A water moccasin (D:6)
  An ice beast (D:5)
  A black bear (D:5)
  A gnoll sergeant (D:5)
  A howler monkey (D:6)
  2 sleepcaps
  An orc priest (D:3)
  A hound (D:4)
  A jelly (D:5)
  4 iguanas
  4 orc wizards
  7 adders
  3 gnolls (D:5)
  A shadow imp (D:6)
  A white imp (D:4)
  2 ufetubi (D:6)
  5 dart slugs
  3 ribbon worms
  10 orcs
  16 ball pythons
  3 bats (D:1)
  13 endoplasms
  8 giant cockroaches
  4 goblins
  2 hobgoblins
  6 jackals
  6 kobolds
  4 quokkas
  3 frilled lizards
  6 rats
123 creatures vanquished.

Notes
Turn   | Place    | Note
-------+----------+-------------------------------------------
     0 | D:1      | Gadfly the Merfolk Shapeshifter began the quest for the
                  | Orb.
     0 | D:1      | Reached XP level 1. HP: 15/15 MP: 1/1
   212 | D:1      | Reached XP level 2. HP: 21/21 MP: 2/2
   444 | D:1      | Reached skill level 1 in Evocations
   679 | D:1      | Reached XP level 3. HP: 26/26 MP: 3/3
  1095 | D:1      | Identified a scroll of acquirement
  1095 | D:1      | Acquired 1125 gold pieces
  1269 | D:2      | Identified the ring "Tutep" {rF+++ rCorr EV+5 Int-4 Slay-4}
  1383 | D:2      | Reached XP level 4. HP: 28/33 MP: 4/4
  1526 | D:2      | Identified the +10 mace of Infection {freeze, rC+ Dex+3}
  1911 | D:3      | Reached XP level 5. HP: 37/38 MP: 5/5
  1936 | D:3      | Learned a level 1 spell: Apportation
  2252 | D:3      | Found a broken altar of Ashenzari.
  2695 | D:4      | Reached XP level 6. HP: 44/44 MP: 6/6
  2814 | D:4      | Found an iron altar of Okawaru.
  2814 | D:4      | Noticed Edmund
  2823 | D:4      | Killed Edmund
  2824 | D:4      | Reached skill level 5 in Unarmed Combat
  3128 | D:4      | Reached XP level 7. HP: 51/51 MP: 7/7
  3586 | D:4      | Noticed Sigmund
  3590 | D:4      | Killed Sigmund
  3591 | D:4      | Reached skill level 5 in Dodging
  3591 | D:4      | Reached skill level 5 in Shapeshifting
  3745 | D:5      | Entered Level 5 of the Dungeon
  3860 | D:5      | Found a snail-covered altar of Cheibriados.
  3958 | D:5      | Reached XP level 8. HP: 12/59 MP: 8/8
  4182 | D:5      | Found a shimmering altar of Xom.
  4523 | D:5      | Found a sparkling altar of Nemelex Xobeh.
  4870 | D:5      | Found a staircase to the Ecumenical Temple.
  4884 | Temple   | Entered the Ecumenical Temple
  4894 | Temple   | Became a worshipper of Ru the Awakened
  5519 | D:6      | Found a glowing silver altar of Zin.
  5520 | D:6      | Found an opulent altar of Gozag.
  5798 | D:6      | Engulfed by a steam dragon's steam

Illustrated notes

Levels and vault maps discovered:
D:1:      minmay_arrival_wavy_path, layout_loops_corners, chequers_arboretum
D:2:      layout_rooms, kennysheep_big_empty_room
D:3:      layout_loops_corners, mainiacjoe_overflow_paths, minivault_27
D:4:      layout_loops_ring, okawaru_trees_1, amcnicky_mini_pool_small,
          uniq_sigmund, uniq_edmund
D:5:      layout_loops_ring, kennysheep_mini, lemuel_tele_altar,
          mainiacjoe_overflow_chevrons, minmay_temple_entry_nine_rooms,
          lightli_minifort
D:6:      layout_layer_cave, grunt_temple_overflow_gold_and_silver,
          uniq_crazy_yiuf_cottage
Temple:   hellmonk_temple_rainy

Skill      XL: |  1  2  3  4  5  6  7  8 |
---------------+-------------------------+-----
Dodging        | 3 4 5 6 |  6.0
Evocations     | 1 2 3 4 |  4.9
Unarmed Combat | 4 5 6 |  6.5
Fighting       | 2 3 4 |  4.2
Shapeshifting  | 5 6 |  6.0

Action                     |  1- 3 |  4- 6 |  7- 9 || total
---------------------------+-------+-------+-------++-------
  Melee: Unarmed           |    95 |    19 |    15 ||   129
         Punch             |     3 |     2 |     1 ||     6
         Mace              |       |    74 |    65 ||   139
Ability: Begin Untransform |     1 |     1 |       ||     2
    Use: Scroll            |     4 |     5 |     9 ||    18
         Potion            |       |     2 |       ||     2
   Stab: Sleeping          |     3 |     4 |     4 ||    11
         Distracted        |       |     2 |       ||     2
 Armour: Animal skin       |    46 |    47 |    57 ||   150
  Dodge: Dodged            |    78 |    54 |    65 ||   197
   Form: Beast             |     2 |     1 |       ||     3
